Map: Romanticide LE

Players

LiquidClem (Clem) - Winner!

  • Race: Terran Terran

SpeCial

  • Race: Terran Terran
  • League: Master

Event: DreamHack SC2 Masters 2021 Fall

VOD

Have the link to the VOD?

Description

Time

  • Played on: Sept. 8, 2021, 12:36 p.m.
  • Length: 17:10

All games in this series

Show
View Real Time Build Order
Export as new Build Order

LiquidClem Terran - Winner!

Build Orders:  

Get SALT Encoding   

  12  0:00  SCV  
  13  0:12  SCV  
  14  0:17  Supply Depot  
  14  0:24  SCV  
  15  0:38  SCV  
  15  0:40  Barracks  
  16  0:43  Refinery  
  16  0:51  SCV  
  17  0:58  Refinery  
  17  1:03  SCV  
  18  1:15  SCV  
  19  1:27  Orbital Command  
  19  1:28  Reaper  
  19  1:30  Supply Depot  
  20  1:45  Factory  
  20  1:53  SCV  
  21  2:00  Barracks Reactor  
  21  2:05  SCV  
  22  2:17  SCV  
  23  2:25  Command Center  
  23  2:29  SCV  
  24  2:33  Starport  
  24  2:40  Hellion  
  28  2:44  Hellion  
  28  2:48  Supply Depot  
  28  2:51  SCV  
  29  3:01  Hellion  
  31  3:07  Barracks Tech Lab  
  31  3:09  SCV  
  31  3:10  Hellion  
  34  3:12  Medivac  
  36  3:21  SCV  
  37  3:31  Refinery  
  37  3:33  SCV  
  38  3:34  Marine  
  38  3:36  Marine  
  38  3:37  Cyclone  
  43  3:43  Orbital Command  
  43  3:45  Starport Tech Lab  
  43  3:48  SCV  
  43  3:53  Marine  
  43  3:54  Marine  
  46  4:04  Supply Depot, Raven  
  46  4:09  SCV x2  
  50  4:18  Cyclone  
  50  4:21  SCV  
  54  4:26  SCV  
  54  4:30  Marine x2  
  54  4:31  Starport  
  55  4:33  SCV  
  55  4:38  SCV  
  57  4:45  SCV  
  57  4:50  SCV, Raven  
  60  4:55  Command Center  
  60  4:57  SCV  
  61  5:04  SCV  
  62  5:08  Supply Depot  
  62  5:11  Siege Tank  
  62  5:12  SCV  
  66  5:14  Supply Depot  
  66  5:17  SCV  
  67  5:25  SCV  
  67  5:29  SCV  
  67  5:35  Raven  
  67  5:37  SCV  
  67  5:41  SCV  
  71  5:43  Viking  
  71  5:49  Marine  
  74  5:51  Viking  
  74  5:53  SCV  
  74  5:54  Supply Depot  
  74  5:55  SCV  
  78  6:00  Refinery  
  78  6:05  SCV  
  78  6:07  SCV  
  80  6:17  Viking  
  80  6:18  SCV  
  81  6:19  SCV  
  81  6:21  Viking  
  81  6:22  Orbital Command  
  84  6:30  SCV  
  84  6:31  SCV  
  84  6:32  Siege Tank  
  89  6:33  Marine, Supply Depot  
  90  6:42  SCV  
  90  6:44  SCV  
  90  6:45  Barracks  
  92  6:47  Barracks  
  92  6:49  SCV  
  92  6:51  Marine  
  94  6:54  SCV  
  94  6:56  SCV  
  94  6:57  Orbital Command  
  94  6:59  Viking x2  
  95  7:06  SCV, Siege Tank  
  96  7:09  Barracks Tech Lab  
  96  7:11  Supply Depot  
  96  7:15  SCV  
  97  7:19  SCV  
  97  7:21  Engineering Bay  
  97  7:22  Engineering Bay  
  98  7:27  SCV  
  98  7:29  Marine, SCV  
  96  7:31  Viking x2  
  100  7:37  SCV  
  100  7:38  Supply Depot  
  100  7:40  Supply Depot  
  100  7:41  Barracks Reactor, Barracks Tech Lab  
  101  7:45  Supply Depot, SCV  
  101  7:46  SCV  
  101  7:50  Marine  
  101  7:51  SCV  
  105  7:57  Siege Tank  
  108  8:01  Marine  
  108  8:02  SCV, Starport Reactor  
  100  8:06  SCV  
  100  8:08  Marine  
  99  8:13  Refinery, SCV  
  99  8:14  Refinery, SCV  
  99  8:16  Viking  
  99  8:18  Marine x2  
  99  8:19  Marine, SCV  
  102  8:26  SCV  
  104  8:29  Siege Tank, Marauder  
  104  8:30  Stimpack  
  104  8:31  SCV  
  104  8:32  SCV  
  104  8:33  Command Center  
  111  8:41  SCV  
  112  8:42  Barracks x2  
  112  8:43  SCV, Combat Shield  
  112  8:44  Marine x3  
  112  8:48  Supply Depot  
  116  8:49  Marine  
  116  8:50  Terran Infantry Weapons Level 1  
  116  8:51  SCV  
  116  8:53  SCV  
  119  8:57  Terran Infantry Armor Level 1  
  119  9:02  Marine x2  
  123  9:03  Marauder  
  123  9:07  Marine  
  123  9:09  Supply Depot  
  124  9:10  Supply Depot, Viking  
  124  9:13  SCV x3  
  124  9:14  Viking  
  131  9:17  Viking  
  131  9:21  Refinery, Viking, Supply Depot  
  131  9:23  Marine  
  131  9:24  Marine  
  137  9:25  Refinery, SCV  
  137  9:26  Marauder  
  137  9:27  Supply Depot  
  137  9:28  SCV  
  137  9:29  SCV  
  142  9:33  Barracks Reactor, Barracks Tech Lab  
  142  9:35  Marauder  
  142  9:37  SCV  
  145  9:40  Armory  
  145  9:42  SCV  
  145  9:45  Armory  
  146  9:50  Marauder  
  146  9:51  SCV, Bunker  
  146  9:52  Missile Turret  
  148  9:56  Marauder  
  148  9:57  Marine x2  
  148  9:59  SCV x2  
  154  10:00  Missile Turret  
  154  10:02  Missile Turret  
  154  10:03  SCV, Orbital Command  
  155  10:07  Sensor Tower  
  155  10:09  Viking x2  
  155  10:11  Viking, SCV  
  155  10:13  Viking  
  164  10:17  Marauder x2  
  164  10:18  Marauder  
  164  10:19  SCV  
  169  10:26  Command Center  
  169  10:39  Viking, Marauder  
  169  10:42  Starport  
  172  10:43  Fusion Core  
  172  10:44  Terran Ship Weapons Level 1  
  172  10:46  Terran Vehicle And Ship Armor Level 1  
  172  10:49  Marine x2  
  173  10:50  Marine  
  173  10:51  Marine, Marauder x2  
  180  10:58  Command Center, Missile Turret  
  180  11:00  Marauder  
  182  11:04  Viking x3  
  182  11:10  Siege Tank  
  188  11:13  Marauder  
  190  11:19  Liberator x2  
  194  11:30  Marine x3  
  194  11:31  Marauder x2  
  187  11:34  Marauder  
  183  11:42  Siege Tank  
  183  11:43  Liberator x2  
  183  11:45  Marine  
  189  11:49  Marine x2  
  189  11:53  Marauder x2  
  189  11:55  Terran Infantry Weapons Level 2  
  189  11:56  Marine  
  189  11:57  Marauder  
  189  12:00  SCV x2, Command Center  
  189  12:01  Refinery  
  194  12:02  Refinery  
  194  12:13  Concussive Shells  
  194  12:15  Liberator x2  
  194  12:19  Marauder  
  192  12:23  Advanced Ballistics, Starport Reactor  
  192  12:26  Planetary Fortress  
  192  12:28  Missile Turret  
  192  12:29  Marine  
  181  12:30  Marine x3  
  181  12:36  Missile Turret  
  185  12:38  Orbital Command  
  185  12:40  Command Center  
  185  12:41  Terran Ship Weapons Level 2  
  185  12:42  Starport  
  185  12:44  Terran Vehicle And Ship Armor Level 2  
  185  12:50  Siege Tank  
  188  13:03  Liberator x2  
  189  13:17  Liberator  
  182  13:21  Marauder  
  182  13:23  Liberator  
  182  13:24  Marine x4, Liberator  
  182  13:26  Marauder x2  
  196  13:39  Siege Tank  
  195  13:41  Liberator  
  195  13:42  Marauder  
  195  13:44  Marine x2  
  195  13:46  Marine  
  193  13:50  Marine x2, Marauder  
  193  13:56  Liberator  
  193  13:57  Liberator x2  
  193  14:02  Marine x2  
  198  14:03  Marauder  
  198  14:08  Marauder  
  198  14:09  Medivac  
  198  14:13  Factory  
  198  14:18  Refinery  
  198  14:23  Terran Infantry Armor Level 2, Missile Turret  
  198  14:24  Terran Infantry Weapons Level 3  
  198  14:25  Refinery  
  198  14:35  Planetary Fortress  
  198  14:36  Command Center  
  198  14:40  Command Center  
  198  14:42  Starport Reactor  
  198  14:52  Siege Tank  
  195  15:00  Engineering Bay  
  195  15:06  Marine, Marauder  
  194  15:08  SCV  
  194  15:13  Factory Tech Lab  
  194  15:16  Command Center  
  194  15:21  Barracks  
  190  15:22  Barracks  
  190  15:23  Barracks  
  190  15:24  Siege Tank  
  190  15:25  Marauder  
  193  15:32  SCV  
  193  15:33  Siege Tank  
  197  15:46  Liberator x3  
  197  15:48  Liberator  
  193  15:56  Siege Tank  
  187  16:00  Marine x2  
  187  16:01  Marauder x2, Liberator  
  172  16:05  Siege Tank  
  172  16:07  Liberator x2  
  172  16:10  Marine x2  
  172  16:11  Marauder  
  170  16:18  Marine x2  
  164  16:21  Marine  
  164  16:22  Marauder  
  169  16:28  Marine x2, Siege Tank  
  169  16:31  Marine  
  169  16:32  Orbital Command  
  175  16:35  Unknown  
  175  16:36  Marine  
  175  16:37  Siege Tank  
  190  16:40  Marauder  
  190  16:42  Marine  
  190  16:46  Marine x2, Marauder  
  195  16:49  Marine  
  196  17:02  Barracks Tech Lab  
  196  17:03  Barracks Reactor, Barracks Tech Lab  
Show
View Real Time Build Order
Export as new Build Order

SpeCial Terran 

Build Orders: Mech 

Get SALT Encoding   

  12  0:00  SCV  
  13  0:12  SCV  
  14  0:17  Supply Depot  
  14  0:24  SCV  
  15  0:39  SCV  
  15  0:41  Barracks  
  16  0:44  Refinery  
  16  0:51  SCV  
  16  0:54  Refinery  
  17  1:03  SCV  
  18  1:15  SCV  
  19  1:29  Reaper, Supply Depot  
  19  1:30  Orbital Command  
  20  1:43  Factory  
  20  1:56  SCV  
  22  2:01  Reaper  
  22  2:08  SCV  
  23  2:18  Command Center  
  23  2:21  SCV  
  24  2:27  Hellion  
  26  2:33  Reaper, SCV  
  26  2:36  Supply Depot  
  28  2:45  SCV  
  28  2:48  Starport  
  29  2:53  Hellion  
  29  2:57  SCV  
  32  3:06  Barracks Tech Lab  
  32  3:10  SCV  
  33  3:15  Factory Tech Lab  
  33  3:19  Refinery  
  33  3:22  SCV  
  34  3:31  Orbital Command  
  34  3:32  Raven  
  34  3:34  SCV  
  37  3:44  Cyclone  
  37  3:46  SCV  
  41  3:53  Command Center  
  41  3:59  SCV  
  41  4:00  Refinery, SCV  
  43  4:08  Supply Depot  
  35  4:23  SCV  
  36  4:24  Raven  
  38  4:33  SCV  
  38  4:37  SCV  
  37  4:45  SCV, Cyclone  
  41  4:49  SCV  
  42  4:57  SCV  
  43  5:01  SCV  
  43  5:07  Orbital Command  
  42  5:09  SCV, Raven  
  42  5:13  SCV  
  46  5:16  Barracks Reactor  
  47  5:21  SCV  
  47  5:25  SCV  
  48  5:31  Siege Tank  
  48  5:33  SCV  
  48  5:35  SCV  
  50  5:37  SCV  
  51  5:45  SCV  
  51  5:47  SCV  
  51  5:49  SCV  
  54  5:51  Engineering Bay  
  54  5:57  SCV  
  54  5:58  Supply Depot  
  54  5:59  SCV  
  54  6:01  Viking x2, SCV  
  61  6:09  SCV  
  62  6:11  SCV  
  62  6:13  SCV  
  62  6:17  Orbital Command  
  64  6:21  SCV  
  64  6:23  Supply Depot  
  65  6:26  Siege Tank  
  65  6:28  SCV  
  65  6:31  Supply Depot  
  65  6:32  Viking x2  
  71  6:34  SCV  
  74  6:40  SCV  
  74  6:44  Barracks Reactor  
  74  6:45  SCV  
  74  6:46  SCV  
  77  6:47  Factory  
  77  6:51  Factory  
  77  6:52  SCV  
  74  7:00  Siege Tank  
  74  7:01  SCV  
  74  7:02  Viking x2  
  79  7:09  SCV x2  
  79  7:11  Refinery  
  79  7:12  Refinery  
  79  7:13  SCV  
  79  7:15  Missile Turret  
  82  7:21  SCV x2  
  84  7:25  SCV  
  83  7:32  Siege Tank  
  83  7:33  SCV  
  83  7:34  SCV, Siege Tank  
  87  7:37  Viking x2  
  87  7:38  SCV  
  92  7:45  SCV  
  92  7:46  SCV  
  92  7:50  SCV  
  95  7:55  Sensor Tower  
  95  7:58  SCV x2  
  97  8:02  SCV  
  92  8:07  Viking x2  
  92  8:10  SCV x2  
  80  8:18  Hellion x2  
  80  8:22  Supply Depot, Siege Tank  
  80  8:26  SCV x3  
  86  8:29  Siege Tank  
  89  8:37  Viking x2  
  89  8:38  Sensor Tower, SCV x2  
  89  8:39  Hellion x2  
  99  8:46  Armory  
  99  8:48  Armory  
  99  8:49  Command Center  
  99  8:50  SCV x3  
  102  8:59  Supply Depot  
  102  9:01  Supply Depot, Hellion x2  
  102  9:02  Supply Depot  
  106  9:06  Siege Tank x2  
  108  9:14  SCV  
  109  9:20  Viking x2, SCV x2  
  115  9:25  Supply Depot  
  115  9:26  Supply Depot, SCV  
  115  9:29  Missile Turret  
  116  9:32  SCV, Hellion x2  
  116  9:33  Supply Depot  
  116  9:34  Terran Vehicle Weapons Level 1  
  116  9:36  Terran Vehicle And Ship Armor Level 1  
  121  9:40  SCV x2, Factory  
  121  9:41  Factory  
  121  9:44  SCV  
  124  9:49  Siege Tank  
  127  9:53  Sensor Tower  
  127  9:54  Missile Turret  
  127  9:57  Hellion x2  
  131  10:00  Hellion  
  131  10:01  Supply Depot  
  131  10:03  SCV  
  131  10:04  SCV x2  
  131  10:06  Viking  
  138  10:09  Viking  
  140  10:20  Hellion x2  
  144  10:22  Infernal Pre-Igniter  
  144  10:27  Refinery, Factory Reactor, Factory Tech Lab  
  144  10:29  Siege Tank  
  144  10:31  Refinery  
  144  10:34  Siege Tank  
  150  10:36  Planetary Fortress  
  150  10:47  Siege Tank  
  150  10:48  Hellion  
  150  10:49  Hellion  
  157  10:52  Viking  
  157  10:56  Viking  
  161  11:01  Siege Tank  
  164  11:04  Missile Turret  
  164  11:10  Hellion x2  
  168  11:14  Hellion x2  
  172  11:22  SCV x3  
  166  11:28  Viking x2  
  166  11:31  Hellion  
  166  11:32  Missile Turret  
  164  11:34  Hellion x2  
  164  11:36  Siege Tank  
  164  11:37  Siege Tank  
  157  11:48  Terran Vehicle Weapons Level 2, Hellion x2, Terran Vehicle And Ship Armor Level 2  
  161  11:55  Siege Tank  
  164  12:05  SCV  
  164  12:08  Factory  
  157  12:09  Cyclone  
  157  12:10  SCV x2  
  157  12:11  Hellion x2, Cyclone  
  162  12:19  Missile Turret  
  162  12:20  SCV, Missile Turret  
  162  12:22  Refinery, SCV x2, Hellion x4  
  163  12:30  Hellion  
  163  12:31  Hellion, Mag-Field Accelerator  
  163  12:32  SCV, Cyclone  
  163  12:35  Factory  
  169  12:41  Cyclone  
  169  12:43  Command Center  
  172  12:46  Supply Depot x2  
  172  12:48  Supply Depot  
  172  12:49  Viking x2, Supply Depot  
  172  12:50  Supply Depot  
  176  12:53  Cyclone  
  176  12:56  Hellion x2  
  176  12:57  Hellion  
  180  13:02  Hellion  
  179  13:06  Cyclone  
  179  13:08  Hellion  
  181  13:13  Cyclone  
  152  13:21  Hellion x3  
  152  13:25  Cyclone  
  141  13:31  Hellion x2  
  140  13:38  Cyclone  
  139  13:44  Viking  
  139  13:45  Cyclone  
  139  13:46  SCV x2  
  137  13:49  Hellion x2  
  130  13:57  SCV, Cyclone  
  130  13:58  SCV x2  
  136  14:04  Hellion  
  136  14:06  Factory Tech Lab  
  138  14:10  Cyclone  
  138  14:14  Missile Turret  
  138  14:16  Hellion x2  
  138  14:17  Siege Tank, Hellion  
  147  14:20  Factory Tech Lab  
  150  14:25  Siege Tank  
  150  14:29  Siege Tank  
  158  14:31  Hellion  
  158  14:38  Missile Turret  
  158  14:42  Siege Tank  
  158  14:44  Hellion  
  158  14:45  Hellion  
  165  14:49  Siege Tank  
  166  14:53  Thor  
  166  14:55  Hellion  
  166  14:57  Thor  
  166  14:58  Hellion  
  176  15:11  Command Center  
  176  15:16  Thor  
  182  15:23  Thor  
  182  15:25  Hellion  
  190  15:31  Hellion  
  190  15:34  Missile Turret  
  192  15:37  Thor  
  192  15:48  Thor  
  194  15:50  Hellion x2  
  193  16:02  Siege Tank  
  193  16:03  Siege Tank  
  193  16:04  Hellion  
  164  16:07  Hellion  
  164  16:10  Thor  
  149  16:18  Hellion x2  
  149  16:21  Hellion  
  151  16:30  Hellion  
  151  16:31  Siege Tank  
  156  16:34  Hellion  
  156  16:35  Siege Tank  

Tags
 
Add a new tag
Caveats
  • Supply blocks, unpowered buildings, or Contaminate may cause inaccurate times.
  • Supply counts are checked every 10 seconds.